 Dungeon Crawl Stone Soup version 0.26-a0-651-gb41185065b (webtiles) character file.

Game seed: 1190442414367450333

1549 Flugslaktarn the Chopper (level 8, 1/78 HPs)
             Began as a Deep Dwarf Fighter on Oct 21, 2020.
             Quit the game on level 6 of the Dungeon.
             The game lasted 00:02:07 (3401 turns).

Flugslaktarn the Chopper (Deep Dwarf Fighter)       Turns: 3401, Time: 00:02:08

Health: 1/78       AC:  7    Str: 20    XL:     8   Next: 57%
Magic:  2/2        EV:  9    Int:  9    God:
Gold:   248        SH:  9    Dex: 14    Spells: 7/7 levels left

rFire    . . .     SeeInvis .   a - +0 war axe
rCold    . . .     Faith    .   c - +0 kite shield
rNeg     . . .     Spirit   .   b - +0 scale mail
rPois    .         Reflect  .   (no helmet)
rElec    .         Harm     .   (no cloak)
rCorr    .         Rampage  .   (no gloves)
MR       +....                  (no boots)
Stlth    ..........             (no amulet)
HPRegen  0.00/turn              (no ring)
MPRegen  0.08/turn              (no ring)

@: non-regenerating, lightly drained
A: damage resistance, heal wounds, sense surroundings 1, no regeneration
a: Heal Wounds


You were on level 6 of the Dungeon.
You visited 1 branch of the dungeon, and saw 6 of its levels.
You also visited: Ossuary.

You collected 248 gold pieces.

Inventory:

Hand Weapons
 a - a +0 war axe (weapon)
Armour
 b - a +0 scale mail (worn)
 c - a +0 kite shield (worn)
Jewellery
 l - an uncursed ring of positive energy {unknown}
   (You found it on level 2 of the Dungeon)
 m - a +4 ring of slaying {unknown}
   (You found it on level 2 of the Dungeon)
 u - a cursed amulet of inaccuracy {unknown}
   (You found it on level 4 of the Dungeon)
Scrolls
 e - 6 scrolls of identify {unknown}
 f - 3 scrolls of magic mapping {unknown}
 g - 3 scrolls of teleportation {unknown}
 k - 2 scrolls of noise {unknown}
 n - 4 scrolls of remove curse {unknown}
 o - 4 scrolls of amnesia {unknown}
 s - 5 scrolls of enchant armour {unknown}
 x - 2 scrolls of fog {unknown}
 y - 2 scrolls of random uselessness {unknown}
 A - a scroll of enchant weapon {unknown}
Potions
 d - a potion of might
 h - a potion of invisibility {unknown}
 i - 3 potions of curing
 j - 3 potions of flight {unknown}
 p - a potion of ambrosia {unknown}
 q - 2 potions of mutation {unknown}
 r - 3 potions of stabbing {unknown}
 t - 2 potions of degeneration {unknown}
 v - 2 potions of lignification {unknown}
 w - 2 potions of cancellation {unknown}
 z - a potion of brilliance {unknown}


   Skills:
 * Level 6.3(5.9) Fighting
 * Level 7.2(6.7) Axes
 + Level 5.7(5.2) Armour
 + Level 4.5(4.0) Dodging
 - Level 3.2(2.8) Shields


You had 7 spell levels left.
You didn't know any spells.
Your spell library was empty.

Dungeon Overview and Level Annotations

Branches:
Dungeon (6/15)            Ossuary (visited)
 Temple: D:4-7

Altars:
Elyvilon
Okawaru
Xom
Zin

Shops:
D:4 [

Annotations:
D:6 Eustachio


Innate Abilities, Weirdness & Mutations

You are resistant to damage.
You can heal yourself by infusing magical energy.
You passively map a small area around you.
You do not regenerate.


Message History

You barely miss the orc priest.
The orc priest is almost dead.
You hit the orc warrior but do no damage.
You slash the orc!
You kill the orc!
You closely miss the orc. You completely miss the iron imp.
The orc hits you but does no damage.
The orc priest hits you with a +0 flail.
* * * LOW HITPOINT WARNING * * *
The iron imp hits you.
* * * LOW HITPOINT WARNING * * *
You block the orc warrior's attack.
You are too injured to fight recklessly!
You fail to use your ability.
Eustachio hits you but does no damage. You block the orc's attack.
The orc priest hits you with a +0 flail.
Are you sure you want to abandon this character and quit the game? (Confirm with "yes".)
Okay, then.
Unknown command.
Are you sure you want to abandon this character and quit the game? (Confirm with "yes".)

####* ###....##
...##### #....#.#
##.....#####.##.#.#
##............##.#..
#......)..######.##..
* #.........####
#.#*#. ,
#........(...# #.# .
, #..o†.....##..# .#
* , #.b5@)....# *...,
, , * #.)oo@....# *#.
, * #..5r.....# ,
#.........# * ** *
...........# , ∩
#...........# , , ,
....#..<..(.## *
###........## * * , >
, ,


You could see Eustachio, an orc warrior, an iron imp (summoned), an orc priest,
a white imp (summoned), an orc, a quokka (summoned) and a bat (summoned).

Vanquished Creatures
  Grinder (D:4)
  A wraith (Ossuary)
  An orc warrior (D:6)
  4 ogres
  A bullfrog (D:6)
  3 wights (D:6)
  A bullfrog zombie (D:5)
  A centaur zombie (D:5)
  An orc priest (D:4)
  A hound (D:5)
  2 orc wizards
  2 iguanas
  Natasha (twice) (D:2)
  5 worker ants
  A mummy (Ossuary)
  A howler monkey zombie (D:6)
  5 adders
  A white imp (D:5)
  An adder zombie (D:6)
  An adder skeleton (D:4)
  3 worms
  2 dart slugs (D:1)
  5 leopard geckos
  14 orcs
  2 ball pythons
  5 giant cockroaches
  4 goblins
  10 hobgoblins
  5 jackals
  4 quokkas
  2 bats
  4 frilled lizards
  A gnoll skeleton (Ossuary)
  A jackal zombie (D:5)
  5 kobolds
  3 kobold skeletons (Ossuary)
  21 orc skeletons (Ossuary)
  A quokka zombie (D:5)
  2 rats
130 creatures vanquished.

Vanquished Creatures (others)
  2 plants (D:3)
2 creatures vanquished.

Grand Total: 132 creatures vanquished

Notes
Turn   | Place    | Note
-------+----------+-------------------------------------------
     0 | D:1      | Flugslaktarn the Deep Dwarf Fighter began the quest for the
                  | Orb.
     0 | D:1      | Reached XP level 1. HP: 20/20 MP: 1/1
    82 | D:1      | Reached XP level 2. HP: 27/27 MP: 2/2
   176 | D:1      | Reached skill level 1 in Dodging
   386 | D:2      | Found a white marble altar of Elyvilon.
   392 | D:2      | Reached XP level 3. HP: 21/34 MP: 3/3
   477 | D:2      | Noticed Natasha
   488 | D:2      | Reached skill level 3 in Axes
   489 | D:2      | Killed Natasha
   502 | D:2      | Reached XP level 4. HP: 35/42 MP: 4/4
   697 | D:2      | Noticed Natasha
   705 | D:2      | Killed Natasha
   784 | D:3      | Noticed an ogre
   802 | D:3      | Killed an ogre
   802 | D:3      | Reached skill level 4 in Axes
   802 | D:3      | Reached XP level 5. HP: 16/50 MP: 5/5
  1183 | D:4      | Noticed Grinder
  1201 | D:4      | Paralysed by Grinder for 4 turns
  1209 | D:4      | Killed Grinder
  1209 | D:4      | Reached XP level 6. HP: 29/58 MP: 6/6
  1428 | D:4      | Reached skill level 5 in Axes
  1464 | D:4      | Found Urhysene's Antique Armour Shop.
  1475 | D:4      | Found a sand-covered staircase.
  1579 | Ossuary  | Entered an ossuary
  1579 | Ossuary  | Noticed a wraith
  1579 | Ossuary  | Noticed a wraith
  1579 | Ossuary  | Noticed a wraith
  1629 | Ossuary  | Noticed a wraith
  1641 | Ossuary  | HP: 1/58 [wraith (3)]
  1656 | Ossuary  | Killed a wraith
  1656 | Ossuary  | Reached skill level 5 in Fighting
  1656 | Ossuary  | Reached XP level 7. HP: 29/67 MP: 6/6
  2399 | D:5      | Entered Level 5 of the Dungeon
  2447 | D:5      | Found a shimmering altar of Xom.
  2448 | D:5      | Found an iron altar of Okawaru.
  2450 | D:5      | Found a glowing silver altar of Zin.
  2500 | D:5      | Reached skill level 5 in Armour
  2530 | D:5      | Reached skill level 6 in Axes
  2829 | D:5      | Reached XP level 8. HP: 40/75 MP: 4/4
  3317 | D:6      | Reached skill level 7 in Axes
  3389 | D:6      | Noticed Eustachio
  3399 | D:6      | HP: 1/78 [iron imp[Eustachio] (3)]
  3401 | D:6      | Quit the game

Illustrated notes

Levels and vault maps discovered:
D:1:      dpeg_arrival_orchard, layout_loops_ring
D:2:      minmay_evil_eye, layout_basic, elyvilon_altar_5, uniq_natasha
D:3:      layout_basic, nicolae_overflow_hidden_temple, lemuel_crystal_altar,
          serial_bayou_pond_b
D:4:      layout_layer_cave, serial_shops, nicolae_shop_behind_doors,
          enter_ossuary_1, serial_bayou_lagoon_a, uniq_grinder
D:5:      layout_basic, minitemple
D:6:      layout_rooms, serial_shops, nicolae_shop_trees, minmay_manual_moon,
          uniq_eustachio, uniq_menkaure

Skill      XL: |  1  2  3  4  5  6  7  8 |
---------------+-------------------------+-----
Fighting       | 3 4 5 6 |  6.3
Dodging        | 1 2 3 4 |  4.5
Axes           | 3 4 5 6 7 |  7.2
Armour         | 4 5 |  5.7
Shields        | |  3.2

Action                   |  1- 3 |  4- 6 |  7- 9 || total
-------------------------+-------+-------+-------++-------
Melee: War axe           |    74 |   154 |   173 ||   401
 Abil: Heal Wounds       |     1 |     7 |    15 ||    23
  Use: Potion            |       |     1 |     1 ||     2
Armor: Scale mail        |    36 |    45 |    63 ||   144
Dodge: Dodged            |    22 |    53 |    76 ||   151
Block: Kite shield       |    41 |    84 |   123 ||   248

Table legend: (Time is in decaauts)
 A = Elapsed time spent in this place.
 B = Non-inter-level travel time spent in this place.
 C = Inter-level travel time spent in this place.
 D = Time resting spent in this place.
 E = Time spent auto-exploring this place.
 F = Levels seen in this place.
 G = Mean time per level.
                   A        B        C        D        E       F      G
               +--------+--------+--------+--------+--------+-----+--------+
         Total |   3604 |   3466 |    138 |      0 |   2566 |   7 |  514.9 |
       Dungeon |   3361 |   3223 |    138 |      0 |   2456 |   6 |  560.2 |
       Ossuary |    243 |    243 |      0 |      0 |    109 |   1 |  243.0 |
               +--------+--------+--------+--------+--------+-----+--------+

Top non-repeatable levels by time:
     D:4: 1166 daAuts
     D:5: 864 daAuts
     D:2: 547 daAuts
     D:3: 385 daAuts
 Ossuary: 243 daAuts
     D:1: 223 daAuts
     D:6: 172 daAuts
